 Dungeon Crawl Stone Soup version 0.27.1-34-g3ba077fa99 (webtiles) character file.

Game seed: 11638402305619094917

1236 Descartes the Grasshopper (level 8, -10/57 HPs)
             Began as a Formicid Warper on Jan 22, 2022.
             Mangled by an ogre (23 damage)
             ... on level 6 of the Dungeon.
             The game lasted 00:11:15 (6729 turns).

Descartes the Grasshopper (Formicid Warper)         Turns: 6729, Time: 00:11:15

Health: -10/57     AC: 11    Str: 19    XL:     8   Next: 78%
Magic:  11/11      EV: 11    Int: 12    God:
Gold:   276        SH:  0    Dex: 10    Spells: 6/11 levels left

rFire    . . .     SeeInvis +   A - +2 quarterstaff (chaos)
rCold    + . .     Faith    .   (no shield)
rNeg     . . .     Spirit   .   s - +3 ring mail {rC+}
rPois    .         Reflect  .   (helmet unavailable)
rElec    .         Harm     .   B - +0 cloak
rCorr    .         Rampage  .   p - +0 pair of gloves
Will     .....                  (no boots)
Stlth    ..........             (no amulet)
HPRegen  0.19/turn              (no ring)
MPRegen  0.12/turn              (no ring)

@: no status effects
A: permanent stasis, dig shafts and tunnels, antennae 3, four strong arms
a: Dig, Shaft Self


You were on level 6 of the Dungeon.
You visited 1 branch of the dungeon, and saw 6 of its levels.

You collected 276 gold pieces.

Inventory:

Hand Weapons
 a - a +0 mace
 d - a +1 dagger of venom
 y - a +3 hand axe of freezing
 A - a +2 quarterstaff of chaos (weapon)
Missiles
 c - 2 boomerangs of dispersal (quivered)
 f - 58 poisoned darts
 m - 101 stones
Armour
 p - a +0 pair of gloves (worn)
 s - a +3 ring mail of cold resistance (worn)
 w - a +1 scale mail of fire resistance
 B - a +0 cloak (worn)
Magical Staves
 i - a staff of poison
Wands
 r - a wand of paralysis (5)
 v - a wand of charming (9)
 x - a wand of iceblast (11)
Scrolls
 b - 8 scrolls of identify {unknown}
 g - a scroll of enchant armour {unknown}
 h - a scroll of vulnerability {unknown}
 k - a scroll of blinking {unknown}
 n - 2 scrolls of amnesia {unknown}
 t - a scroll of holy word {unknown}
 u - 2 scrolls of fog {unknown}
Potions
 e - 3 potions of attraction {unknown}
 j - 6 potions of curing
 l - 2 potions of degeneration {unknown}
 o - a potion of might {unknown}
 q - a potion of lignification {unknown}
 z - a potion of cancellation {unknown}


   Skills:
 + Level 2.8 Fighting
 - Level 3.0 Short Blades
 - Level 2.6(3.0) Axes
 - Level 2.0(2.7) Maces & Flails
 + Level 1.0(1.6) Staves
 - Level 1.0 Throwing
 - Level 5.0 Armour
 - Level 1.7 Dodging
 - Level 2.1 Spellcasting
 + Level 5.8 Translocations
 + Level 4.9 Evocations


You had 6 spell levels left.
You knew the following spells:

 Your Spells              Type           Power      Damage    Failure   Level
a - Manifold Assault      Tloc           15%        N/A       75%         5

Your spell library contained the following spells:

 Spells                   Type           Power      Damage    Failure   Level
 Gell's Gravitas          Tloc           7%         N/A       12%         3
 Lesser Beckoning         Tloc           7%         N/A       12%         3
 Teleport Other           Tloc           15%        N/A       12%         3
 Passage of Golubria      Tloc           N/A        N/A       38%         4
 Animate Skeleton         Necr           2%         N/A       41%         1
 Pain                     Necr           4%         1d4       41%         1
 Tukima's Dance           Hex            1%         N/A       80%         3
 Vampiric Draining        Necr           0%         2d6       80%         3
 Yara's Violent Unravell  Hex/Tmut       0%         3d3       100%        5
 Blink                    Tloc           Unusable   N/A       N/A         2

Dungeon Overview and Level Annotations

Branches:
Dungeon (6/15)
 Temple: D:4-7

Altars:
Dithmenos
Sif Muna
Xom

Shops:
D:4 *   D:5 !*


Innate Abilities, Weirdness & Mutations

You cannot be hasted, slowed, berserked, paralysed or teleported.
You can dig through walls and to a lower floor.
You have a pair of large antennae on your head. (SInv)
Your four strong arms can wield two-handed weapons with a shield.


Message History

No target in view!
No target in view!
No target in view!
No target in view!
No target in view!
No target in view!
No target in view!
You feel sick.
You feel sick.
You feel sick.
You feel sick.
You feel sick.
You are no longer poisoned.
HP restored.
Done exploring.
You climb downwards.
The ogre hits you with a +0 giant spiked club!
There is a stone staircase leading up, spattered with blood here.
You barely miss the ogre.
The ogre hits you with a +0 giant spiked club!
You closely miss the ogre.
The ogre hits you with a +0 giant spiked club!!
You sock the ogre!
The ogre is poisoned.
The ogre is moderately wounded.
The ogre closely misses you.
Throw: 3 boomerangs (disperse)
Press: ? - help, Q - select action, (/) - cycle Shift-Dir - straight line, f - ogre
Aim: an ogre, wielding a +0 giant spiked club (heavily wounded, very poisoned, 72% to hit)
You throw a boomerang of dispersal.
The boomerang of dispersal hits the ogre!
The ogre blinks!
The ogre is severely wounded.
The ogre hits you with a +0 giant spiked club!
* * * LOW HITPOINT WARNING * * *
You barely miss the ogre.
The ogre is almost dead.
You barely miss the ogre.
The ogre is almost dead.
The ogre hits you with a +0 giant spiked club!!
You die...

#######..#.....# .
#....(..##{....# ..
#.......#......#
...###......##..#...#
..................##
###.......###.##.#
#.......# ..##.#
#...O...# ... ..
#....@..#.####..#
#.......# ###.#######
#...# .........#
.........# ..........
..........#
.........##


You could see an ogre (poisoned).

Vanquished Creatures
  Sigmund (D:4)
  Eustachio (D:5)
  A black bear (D:5)
  2 ogres (D:5)
  3 scorpions
  A bullfrog zombie (D:5)
  3 bullfrog skeletons
  3 hounds
  A centaur skeleton (D:4)
  Crazy Yiuf (D:5)
  Jessica (D:2)
  An iguana (D:5)
  A killer bee zombie (D:6)
  A gnoll (D:1)
  6 adders
  4 worms
  3 dart slugs (D:4)
  2 orcs
  9 endoplasms
  8 giant cockroaches
  11 goblins
  4 hobgoblins
  2 jackals (D:2)
  A quokka (D:3)
  8 ball pythons
  6 bats
  3 frilled lizards
  6 kobolds
  8 rats
102 creatures vanquished.

Vanquished Creatures (others)
  An orc wizard (D:4)
  A gnoll (D:4)
  A dart slug (D:4)
  An endoplasm (D:4)
  2 goblins (D:4)
  A ball python (D:4)
7 creatures vanquished.

Grand Total: 109 creatures vanquished

Notes
Turn   | Place    | Note
-------+----------+-------------------------------------------
     0 | D:1      | Descartes the Formicid Warper began the quest for the Orb.
     0 | D:1      | Reached XP level 1. HP: 16/16 MP: 3/3
   253 | D:1      | Reached XP level 2. HP: 22/22 MP: 5/5
  1000 | D:2      | Reached XP level 3. HP: 26/27 MP: 6/6
  1122 | D:2      | Noticed Jessica
  1127 | D:2      | Killed Jessica
  1128 | D:2      | Reached skill level 1 in Short Blades
  1128 | D:2      | Reached XP level 4. HP: 16/33 MP: 7/7
  2110 | D:2      | Found a faded altar of an unknown god.
  2800 | D:3      | Reached XP level 5. HP: 23/38 MP: 8/8
  3658 | D:4      | Reached skill level 1 in Evocations
  3745 | D:4      | Noticed Sigmund
  3779 | D:4      | Killed Sigmund
  3780 | D:4      | Reached XP level 6. HP: 31/44 MP: 9/9
  4087 | D:4      | Found Serghaut's Overcharged Wands.
  4096 | D:4      | Reached XP level 7. HP: 41/50 MP: 10/10
  4279 | D:4      | Found a shimmering altar of Xom.
  4317 | D:4      | Found a shadowy altar of Dithmenos.
  4476 | D:4      | Learned a level 5 spell: Manifold Assault
  4706 | D:5      | Entered Level 5 of the Dungeon
  5298 | D:5      | Found Heicomen's Distillery.
  5300 | D:5      | Found a shimmering blue altar of Sif Muna.
  5310 | D:5      | Reached skill level 1 in Axes
  5424 | D:5      | Noticed Eustachio
  5435 | D:5      | Killed Eustachio
  5436 | D:5      | Reached skill level 5 in Armour
  5436 | D:5      | Reached skill level 5 in Translocations
  5436 | D:5      | Reached XP level 8. HP: 49/56 MP: 11/11
  5809 | D:5      | Found Hidavili's General Store.
  5966 | D:5      | Found a runed translucent door.
  5967 | D:5      | Noticed Crazy Yiuf
  6100 | D:5      | Killed Crazy Yiuf
  6604 | D:5      | Reached skill level 1 in Staves
  6729 | D:6      | Mangled by an ogre

Illustrated notes

Levels and vault maps discovered:
D:1:      scummos_arrival_hexagon, layout_loops_corners
D:2:      layout_basic, ebering_ecumenical_altar_ruins, corexii_hall_statues_i,
          minmay_joined_circles, uniq_jessica
D:3:      layout_rooms, minmay_vboxes
D:4:      layout_cave_pools, xom_confusion_cloud,
          nicolae_dithmenos_through_a_glass_darkly,
          chequers_serial_rivers_micro_b, nicolae_shop_overcharged_wands,
          uniq_sigmund
D:5:      layout_rooms, mainiacjoe_overflow_catwalk, serial_shops, shop,
          nicolae_shop_window_shopping, uniq_crazy_yiuf_cottage, uniq_eustachio
D:6:      layout_rooms, lemuel_temple_firewalk_b

Skill      XL: |  1  2  3  4  5  6  7  8 |
---------------+-------------------------+-----
Translocations | 3 4 5 |  5.8
Armour         | 2 3 4 5 |  5.0
Short Blades   | 1 2 3 |  3.0
Evocations     | 2 3 4 |  4.9
Axes           | 2 |  2.6
Staves         | 1 |  1.0
Fighting       | |  2.8
Maces & Flails | |  2.0
Throwing       | |  1.0
Dodging        | |  1.7
Spellcasting   | |  2.1

Action                   |  1- 3 |  4- 6 |  7- 9 || total
-------------------------+-------+-------+-------++-------
Melee: Dagger            |    51 |   203 |    53 ||   307
       Mace              |     6 |       |       ||     6
       Hand axe          |       |       |    78 ||    78
       Quarterstaff      |       |       |    29 ||    29
Throw: Boomerang         |       |       |     3 ||     3
 Abil: Dig               |       |     1 |       ||     1
Evoke: Wand              |       |       |     2 ||     2
  Use: Potion            |       |     1 |       ||     1
 Stab: Paralysed         |       |       |    14 ||    14
Armor: Leather armour    |    12 |    31 |       ||    43
       Scale mail        |       |     5 |       ||     5
       Ring mail         |       |    45 |    65 ||   110
Dodge: Dodged            |    33 |   135 |    73 ||   241
